 Dungeon Crawl Stone Soup version 0.31-a0-986-g5e6e4ef867 (webtiles) character file.

Game seed: 15708364310258411711

4034 Zonian the Thaumaturge (level 10, -1/50 HPs)
             Began as a Deep Elf Conjurer on Nov 4, 2023.
             Was a Priest of Dithmenos.
             Slain by a two-headed ogre
             ... wielding a +0 giant spiked club
              (29 damage)
             ... on level 8 of the Dungeon.
             The game lasted 00:30:55 (11724 turns).

Zonian the Thaumaturge (Deep Elf Conjurer)         Turns: 11724, Time: 00:30:56

Health: -1/50      AC:  9    Str:  4    XL:     10   Next: 4%
Magic:  14/25      EV: 14    Int: 28    God:    Dithmenos [***...]
Gold:   92         SH:  0    Dex: 13    Spells: 13/27 levels left

rFire   . . .        d - +2 dagger (elec)
rCold   . . .        (no shield)
rNeg    + . .        E - +1 steam dragon scales
rPois   +            o - +0 helmet
rElec   .            m - +1 cloak
rCorr   .            (no gloves)
SInv    .            (no boots)
Will    +....        J - amulet of regeneration
Stlth   +++++        l - ring of poison resistance
HPRegen 1.08/turn    A - ring of positive energy
MPRegen 0.19/turn

%: no passive effects
@: very slightly contaminated, wreathed by umbra
A: no striking features
a: Renounce Religion, Shadow Step


You were on level 8 of the Dungeon.
You worshipped Dithmenos.
Dithmenos was most pleased with you.
You visited 1 branch of the dungeon, and saw 8 of its levels.
You also visited: Sewer.

You collected 554 gold pieces.
You spent 462 gold pieces at shops.

Inventory:

Hand Weapons
 c - a +0 dagger of venom
 d - a +2 dagger of electrocution (weapon)
 g - a +0 whip
 i - a +0 trident
 j - a +0 dagger
 k - a +4 short sword
 t - a +4 hand axe
 y - a +1 whip of flaming
 B - a +5 trident
 C - the +4 falchion of Bievoics {heavy, rCorr Dex+5}
   (You bought it in a shop on level 7 of the Dungeon)

   Dex+5:     It affects your dexterity (+5).
   rCorr:     It protects you from acid and corrosion.
 D - the +6 orcbow of Ecvioz {flame, rF+ rC+ rN++ Int-5}
   (You bought it in a shop on level 7 of the Dungeon)

   Int-5:     It affects your intelligence (-5).
   rF+:       It protects you from fire.
   rC+:       It protects you from cold.
   rN++:      It greatly protects you from negative energy.
 F - a +1 short sword of protection
Missiles
 I - a throwing net
Armour
 a - a +0 robe
 f - a +2 buckler
 m - a +1 cloak (worn)
 o - a +0 helmet (worn)
 E - +1 steam dragon scales (worn)
Jewellery
 l - a ring of poison resistance (left hand)
 v - a ring of fire
 z - a ring of resist corrosion
 A - a ring of positive energy (right hand)
 J - an amulet of regeneration (around neck)
Wands
 u - a wand of digging (8)
 x - a wand of flame (55)
 H - a wand of roots (12)
Scrolls
 w - a scroll of fog
Potions
 b - 3 potions of magic
 e - a potion of attraction
 h - 2 potions of brilliance
 n - a potion of resistance
 p - 3 potions of cancellation
 q - a potion of haste
 r - a potion of might
 s - 2 potions of mutation
 G - a potion of curing {unknown}


   Skills:
 - Level 4.0 Short Blades
 - Level 6.4 Dodging
 - Level 6.9 Stealth
 + Level 9.0 Spellcasting
 + Level 8.3 Conjurations
 + Level 7.1 Hexes
 + Level 4.0 Translocations
 + Level 3.6 Invocations


You had 13 spell levels left.
You knew the following spells:

 Your Spells              Type           Power      Damage    Failure   Level
a - Magic Dart            Conj           100%       1d8       1%          1
b - Searing Ray           Conj           100%       2d8       1%          2
c - Dazzling Flash        Conj/Hex       100%       N/A       1%          3
d - Momentum Strike       Conj/Tloc      94%        3d10      1%          2
e - Blink                 Tloc           70%        N/A       1%          2
f - Iskenderun's Mystic   Conj/Tloc      47%        2d10      3%          4

Your spell library contained the following spells:

 Spells                   Type           Power      Damage    Failure   Level
 Lesser Beckoning         Tloc           70%        N/A       1%          2
 Fulminant Prism          Conj/Hex       27%        3d14      1%          4


Dungeon Overview and Level Annotations

Branches:
Dungeon (8/15)             Temple (0/1) D:4            Lair (0/5) D:8
  Sewer (visited)

Altars:
Cheibriados
Dithmenos
Kikubaaqudgha
Trog
Zin

Shops:
D:7 (

Annotations:
D:2 Sigmund
D:4 2 transporters, exclusion: steam dragon
D:5 3 runed translucent doors, Dittersdorf's ghost, novice GrFi
D:8 3 runed translucent doors, Doj's ghost, novice MiFi


Message History

Casting: Searing Ray (safe; 1% risk of failure)
Confirm with . or Enter, or press ? or * to list all spells.
Aiming: Searing Ray (safe; 1% risk of failure)
Press: ? - help, Shift-Dir - straight line, f - two-headed ogre
Aim: a two-headed ogre, wielding a +0 giant spiked club and a +0 giant club (severely wounded, umbra, 92% to hit)
The searing ray hits the two-headed ogre!
The two-headed ogre is almost dead. (Press . to maintain the ray.)
The two-headed ogre closely misses you.
The two-headed ogre hits you with a +0 giant club!!
Casting: Searing Ray (safe; 1% risk of failure)
Confirm with . or Enter, or press ? or * to list all spells.
You miscast Blink.
You are very lightly contaminated with residual magic.
Nothing appears to happen.
Casting: Blink (safe; 1% risk of failure)
Confirm with . or Enter, or press ? or * to list all spells.
You blink.
Unknown command.
The magic dart hits the two-headed ogre!
The two-headed ogre is almost dead.
The magic dart hits the two-headed ogre but does no damage.
The two-headed ogre is almost dead.
You feel ready to blink again.
The magic dart hits the two-headed ogre but does no damage.
The two-headed ogre is almost dead.
Casting: Magic Dart (safe; 1% risk of failure)
Confirm with . or Enter, or press ? or * to list all spells.
Aiming: Searing Ray (safe; 1% risk of failure)
Press: ? - help, Shift-Dir - straight line, f/p - two-headed ogre
Aim: a two-headed ogre, wielding a +0 giant spiked club and a +0 giant club (almost dead, umbra, 92% to hit)
The searing ray misses the two-headed ogre. (Press . to maintain the ray.)
The two-headed ogre hits you with a +0 giant spiked club!
The two-headed ogre hits you with a +0 giant club.
The searing ray hits the two-headed ogre.
The two-headed ogre is almost dead.
The two-headed ogre hits you with a +0 giant spiked club!!
Ouch! That really hurt!
You die...

..
#.#.................#..
+.#.#+#######.#.###.##.
###.........#.#........
#.........#.#####.###
#.........#. #.#
#.........<. #.#
#........... #.#
########........... #.#
..........O@....... #.#
#########........#. #.#
#........# #.#
#........# #........#
##########


You could see a two-headed ogre.

Vanquished Creatures
  Pikel (D:6)
  Maggie (D:7)
  Prince Ribbit (D:5)
  A wyvern (D:7)
  A wraith (D:6)
  A yak (D:8)
  A steam dragon (D:7)
  A water moccasin (D:7)
  Duvessa (D:6)
  An ice beast (D:7)
  A sky beast (D:7)
  2 black bears
  An ogre (D:5)
  4 centaurs
  A phantom (D:7)
  2 lemures (D:6)
  2 scorpions
  13 wights (D:7)
  Dowan (D:6)
  2 hounds
  A sleepcap (D:6)
  3 jellies
  2 orc priests
  3 iguanas
  Ijyb (D:5)
  2 orc wizards
  8 adders
  A shadow imp (D:6)
  6 ufetubi
  2 worms
  2 dart slugs
  20 orcs
  8 ball pythons
  8 bats
  9 endoplasms
  6 giant cockroaches
  15 goblins
  16 hobgoblins
  21 kobolds
  6 quokkas
  2 frilled lizards
  3 rats
184 creatures vanquished.

Notes
Turn   | Place    | Note
-------+----------+-------------------------------------------
     0 | D:1      | Zonian the Deep Elf Conjurer began the quest for the Orb.
     0 | D:1      | Reached XP level 1. HP: 10/10 MP: 6/6
   195 | D:1      | Reached XP level 2. HP: 15/15 MP: 4/8
   826 | D:1      | Reached XP level 3. HP: 19/19 MP: 2/10
  1062 | D:2      | Noticed Sigmund
  1422 | D:2      | Found a shadowy altar of Dithmenos.
  1428 | D:2      | Became a worshipper of Dithmenos the Shadowed
  1688 | D:2      | Learned a level 2 spell: Searing Ray
  1694 | D:2      | Learned a level 3 spell: Dazzling Flash
  2200 | D:3      | Reached XP level 4. HP: 24/24 MP: 6/11
  2432 | D:3      | Reached skill level 4 in Spellcasting
  2754 | D:3      | Reached skill level 5 in Conjurations
  2972 | D:3      | Reached * piety under Dithmenos
  3332 | D:4      | Found a transporter.
  3393 | D:4      | Reached XP level 5. HP: 21/28 MP: 4/13
  3619 | D:4      | Found a staircase to the Ecumenical Temple.
  3723 | D:4      | Found a glowing drain.
  3732 | Sewer    | Entered a sewer
  4137 | Sewer    | Reached ** piety under Dithmenos
  4170 | Sewer    | Reached XP level 6. HP: 32/32 MP: 13/15
  4225 | D:4      | Reached skill level 5 in Spellcasting
  4835 | D:4      | Found an ancient bone altar of Kikubaaqudgha.
  4942 | D:4      | Found a transporter.
  5281 | D:4      | Noticed a steam dragon
  5348 | D:5      | Entered Level 5 of the Dungeon
  5418 | D:5      | Noticed Ijyb
  5429 | D:5      | Killed Ijyb
  5430 | D:5      | Reached skill level 1 in Hexes
  5505 | D:5      | Reached skill level 5 in Stealth
  5533 | D:5      | Found a glowing silver altar of Zin.
  5539 | D:5      | Noticed Prince Ribbit
  5564 | D:5      | Noticed an ice beast
  5576 | D:5      | Killed Prince Ribbit
  5577 | D:5      | Reached skill level 5 in Dodging
  5577 | D:5      | Reached XP level 7. HP: 6/36 MP: 1/17
  5694 | D:5      | Noticed Dittersdorf's ghost (novice GrFi)
  5717 | D:5      | Found a runed translucent gate.
  5719 | D:5      | Found a runed translucent gate.
  5724 | D:5      | Found a runed translucent gate.
  6212 | D:6      | Reached skill level 6 in Spellcasting
  6348 | D:6      | Learned a level 2 spell: Momentum Strike
  6351 | D:6      | Learned a level 2 spell: Blink
  6386 | D:6      | Noticed Duvessa
  7048 | D:6      | Noticed a wraith
  7050 | D:6      | Reached skill level 1 in Short Blades
  7250 | D:6      | Reached XP level 8. HP: 16/41 MP: 12/19
  7586 | D:6      | Noticed Pikel
  7681 | D:6      | Killed Pikel
  7682 | D:6      | Reached skill level 7 in Spellcasting
  7891 | D:6      | Noticed Dowan
  8056 | D:6      | Reached skill level 5 in Hexes
  8056 | D:6      | Reached skill level 1 in Translocations
  8457 | D:7      | Found a snail-covered altar of Cheibriados.
  8498 | D:7      | Reached XP level 9. HP: 43/45 MP: 16/22
  8612 | D:7      | Noticed Maggie
  8837 | D:7      | Reached skill level 1 in Invocations
  8985 | D:7      | Found Obocahiu's Antique Weapon Shop.
  8994 | D:7      | Bought a brightly glowing falchion for 224 gold pieces
  8994 | D:7      | Identified the +4 falchion of Bievoics {heavy, rCorr Dex+5}
                  | (You bought it in a shop on level 7 of the Dungeon)
  8994 | D:7      | Bought an ancient orcbow for 238 gold pieces
  8994 | D:7      | Identified the +6 orcbow of Ecvioz {flame, rF+ rC+ rN++
                  | Int-5} (You bought it in a shop on level 7 of the Dungeon)
  9107 | D:7      | Reached *** piety under Dithmenos
  9111 | D:7      | Reached skill level 8 in Spellcasting
  9216 | D:7      | HP: 2/45 [Maggie/+2 halberd of pain (15)]
  9218 | D:7      | Killed Maggie
  9999 | D:6      | Killed Duvessa
 10041 | D:6      | Killed Dowan
 10512 | D:7      | Found a bloodstained altar of Trog.
 10777 | D:7      | HP: 1/45 [wight/+0 halberd (11)]
 11569 | D:8      | Found a runed translucent gate.
 11572 | D:8      | Found a runed translucent gate.
 11572 | D:8      | Found a runed translucent gate.
 11573 | D:8      | Identified the +6 plate armour "Juzuxuxe" {rF- Str+4 Int+5
                  | Dex-5}
 11573 | D:8      | Noticed Doj's ghost (novice MiFi)
 11619 | D:8      | Found a staircase to the Lair.
 11634 | D:8      | Reached XP level 10. HP: 47/50 MP: 17/24
 11637 | D:8      | Reached skill level 9 in Spellcasting
 11698 | D:8      | Learned a level 4 spell: Iskenderun's Mystic Blast
 11714 | D:8      | Noticed a two-headed ogre
 11724 | D:8      | Slain by a two-headed ogre

Illustrated notes

Levels and vault maps discovered:
D:1:      dpeg_arrival_arbitrary_a, layout_basic, minmay_crystal_room,
          dreamdust_princess_corridor, minmay_misc_feat_doors,
          kennysheep_pointless_box
D:2:      layout_basic, basic_altar, uniq_sigmund
D:3:      layout_rooms
D:4:      gammafunk_cloud_chamber, layout_loops_ring,
          lemuel_zombie_altar_kikubaaqudgha, minmay_temple_entry_proselytizer,
          portal_sewer_entry_d
D:5:      layout_basic, overflow_temple_1_default, gammafunk_ghost_icy,
          hangedman_decor_riveting, saegor_snake_ambush, uniq_ijyb,
          uniq_prince_ribbit1
D:6:      minmay_clustersquares, layout_loops_corners, uniq_duvessa, uniq_pikel
D:7:      layout_layer_cave, trog_hazing_becter, slow_altar_1, serial_shops,
          nicolae_shop_gibbet_a_chance, uniq_maggie
D:8:      layout_basic, david_lair_generic, biasface_ghost_orc_armoury

Skill      XL: |  1  2  3  4  5  6  7  8  9 10 |
---------------+-------------------------------+-----
Dodging        | 3 4 5 6 |  6.4
Stealth        | 3 4 5 6 |  6.9
Spellcasting   | 4 5 6 7 8 9 |  9.0
Conjurations   | 5 6 7 8 |  8.3
Hexes          | 2 3 5 7 |  7.1
Short Blades   | 1 3 4 |  4.0
Translocations | 1 4 |  4.0
Invocations    | 3 |  3.6

Action                     |  1- 3 |  4- 6 |  7- 9 | 10-12 || total
---------------------------+-------+-------+-------+-------++-------
  Melee: Dagger            |       |    10 |    62 |     1 ||    73
         Punch             |       |     1 |     1 |       ||     2
   Fire: Orcbow            |       |       |    15 |       ||    15
   Cast: Magic Dart        |    90 |   145 |    59 |     3 ||   297
         Searing Ray       |       |     8 |    50 |     2 ||    60
         Dazzling Flash    |       |     1 |     2 |       ||     3
         Blink             |       |       |     3 |     1 ||     4
  Evoke: Wand              |       |     3 |       |       ||     3
    Use: Scroll            |       |     8 |     9 |       ||    17
         Potion            |       |     1 |     3 |       ||     4
   Stab: Sleeping          |       |       |    10 |     1 ||    11
         Invisible         |       |       |     2 |       ||     2
 Armour: Robe              |     4 |    28 |    48 |       ||    80
         Steam dragon scal |       |       |    34 |     6 ||    40
  Dodge: Dodged            |     3 |    30 |   141 |     3 ||   177
  Block: Buckler           |       |    10 |       |       ||    10

Table legend: (Time is in decaauts)
 A = Elapsed time spent in this place.
 B = Non-inter-level travel time spent in this place.
 C = Inter-level travel time spent in this place.
 D = Time resting spent in this place.
 E = Time spent auto-exploring this place.
 F = Levels seen in this place.
 G = Mean time per level.
                   A        B        C        D        E       F      G
               +--------+--------+--------+--------+--------+-----+--------+
         Total |  11721 |  11546 |    175 |   3996 |   5212 |   9 | 1302.3 |
       Dungeon |  11238 |  11063 |    175 |   3982 |   4845 |   8 | 1404.8 |
         Sewer |    482 |    482 |      0 |     14 |    367 |   1 |  482.0 |
               +--------+--------+--------+--------+--------+-----+--------+

Top non-repeatable levels by time:
     D:6: 2698 daAuts
     D:7: 2475 daAuts
     D:4: 1455 daAuts
     D:3: 1225 daAuts
     D:2: 1103 daAuts
     D:1: 1091 daAuts
     D:5: 918 daAuts
   Sewer: 482 daAuts
     D:8: 270 daAuts
